Gangsters vs Remparts
(R1)
Created - April 29, 2020 at 20:01
Goals
|
Gangsters |
0 |
1 |
3 |
4 |
Remparts |
0 |
1 |
0 |
1 |
|
Shots
|
Gangsters |
11 |
5 |
15 |
31 |
Remparts |
6 |
15 |
15 |
36 |
|
1st period
No Goal
Penalties :
Brayden Point (Que) for Tripping (Minor) at 3:43, Rickard Rakell (Que) for Hooking (Minor) at 15:23
2nd period
1. Remparts , William Colbert 8 (Rickard Rakell 26, Michael Latta 27) at 7:23 (PP)
2. Gangsters , Matt Delahey 10 (Richard Panik 66, Kevin Roy 19) at 7:38
Penalties :
Brett Ponich (Bro) for Holding (Minor) at 1:32, Kevin Roy (Bro) for Hooking (Minor) at 7:12, Michael Latta (Que) for Holding (Minor) at 16:31
3rd period
3. Gangsters , Stefan Noesen 22 (Jonas Brodin 29) at 4:58
4. Gangsters , Devante Smith-Pelly 40 (Jonas Brodin 30) at 5:39
5. Gangsters , Matt Delahey 11 (David Pope 26) at 17:39 (PP)
Penalties :
Brayden Point (Que) for Roughing (Double Minor) at 10:06, Brett Ponich (Bro) for Holding (Minor) at 14:10, Roberts Lipsbergs (Que) for Goalie Interference (Minor) at 16:21
Goalie Stats
Dustin Tokarski (Bro), 35 saves from 36 shots - (0.972), W, 32-25-4, 60:00 minutes
Garret Sparks (Que), 27 saves from 31 shots - (0.871), L, 15-19-3, 60:00 minutes
Players Stats for Gangsters
Player Name G A P +/- PIM S H SB GA TA FO MP PP MP PK MP
------------------------------------------------------------------------------------
Adam Lowry 0 0 0 1 0 2 1 0 0 0 3/13 18:05 4:43 0:00
Brett Ponich 0 0 0 1 4 0 3 0 0 0 0/0 26:30 6:30 0:11
Connor Chatam 0 0 0 0 0 0 0 0 0 1 0/0 4:24 0:48 0:00
David Pope 0 1 1 1 0 6 3 0 1 0 0/1 20:56 5:43 0:57
Derrick Pouliot 0 0 0 0 0 0 0 1 0 0 0/0 10:56 0:00 0:37
Devante Smith-Pelly 1 0 1 1 0 3 0 2 1 0 1/1 19:49 4:19 2:23
Jake Marchment 0 0 0 1 0 0 0 0 0 0 1/4 11:27 0:12 0:00
Jonas Brodin 0 2 2 2 0 2 1 0 0 1 0/0 21:31 4:44 1:43
Julius Vahatalo 0 0 0 0 0 0 1 0 0 0 0/0 5:44 0:00 0:00
Kevin Roy 0 1 1 1 2 2 2 1 0 1 11/29 19:54 5:36 0:16
Matt Delahey 2 0 2 1 0 7 0 0 0 2 0/0 27:51 6:30 2:03
Morgan Ellis 0 0 0 2 0 1 0 0 0 3 0/0 21:48 4:44 1:45
Phillip Danault 0 0 0 1 0 1 2 1 0 0 0/0 18:47 4:46 0:39
Richard Panik 0 1 1 1 0 2 0 3 0 0 3/5 24:19 5:34 2:13
Ryan Culkin 0 0 0 0 0 0 0 1 0 0 0/0 11:32 0:00 1:59
Samuel Blais 0 0 0 1 0 1 2 1 0 0 0/0 12:32 0:24 0:53
Sebastian Collberg 0 0 0 0 0 0 0 0 0 0 1/2 6:38 0:54 0:00
Stefan Noesen 1 0 1 1 0 4 0 0 0 0 0/0 13:05 0:43 0:57
Players Stats for Remparts
Player Name G A P +/- PIM S H SB GA TA FO MP PP MP PK MP
------------------------------------------------------------------------------------
Brayden Point 0 0 0 0 6 0 1 1 0 0 3/5 12:15 2:17 0:00
Cédric Lalonde-McNicoll 0 0 0 0 0 3 1 1 0 0 5/8 13:03 0:00 5:45
Cedric Paquette 0 0 0 -2 0 2 2 0 0 0 1/1 14:15 0:00 2:16
Guillaume Desbiens 0 0 0 -2 0 6 3 1 0 0 0/0 17:31 1:52 2:52
Jake Virtanen 0 0 0 0 0 0 0 1 0 0 1/1 7:16 0:00 0:00
Jerry D'Amigo 0 0 0 0 0 3 0 1 0 0 0/0 9:56 0:18 0:00
John Draeger 0 0 0 -2 0 2 2 3 0 0 0/0 23:23 1:28 6:17
Jonathan Matsumoto 0 0 0 -2 0 4 4 0 2 0 7/9 18:33 1:52 3:54
Keaton Thompson 0 0 0 0 0 0 0 1 0 0 0/0 11:00 0:00 0:30
Logan Stephenson 0 0 0 -1 0 3 1 2 2 0 0/0 25:37 2:41 4:27
Matt Puempel 0 0 0 0 0 2 2 1 0 0 0/0 9:55 0:00 0:25
Michael Latta 0 1 1 -1 2 1 1 0 1 0 17/28 17:28 2:17 0:11
Niklas Hansson 0 0 0 -2 0 1 2 2 0 0 0/0 23:23 1:28 6:17
Pontus Aberg 0 0 0 -1 0 2 2 0 2 0 1/1 17:00 1:52 0:00
Rickard Rakell 0 1 1 -1 2 4 2 1 1 0 0/2 21:37 1:59 4:33
Roberts Lipsbergs 0 0 0 0 2 0 0 0 0 0 0/0 9:52 0:00 2:32
Viktor Baldayev 0 0 0 0 0 0 2 0 0 1 0/0 11:00 0:00 0:30
William Colbert 1 0 1 -1 0 3 1 3 0 1 0/0 25:37 2:41 4:27
3 Stars
1 - Dustin Tokarski (Bro)
2 - Matt Delahey (Bro)
3 - Jonas Brodin (Bro)
Power Play
Gangsters - 1 on 6 Attempt(s) - 16.67%
Remparts - 1 on 3 Attempt(s) - 33.33%
Penalty Kill
Gangsters - 2 on 3 Attempt(s) - 66.67%
- Score 0 goal in Penalty Kill
Remparts - 5 on 6 Attempt(s) - 83.33%
- Score 0 goal in Penalty Kill
Team Stat
Gangsters - Hits : 15 - Faceoff Wins : 20 - Blocked Shots : 10 - Penalty Minutes : 6
Remparts - Hits : 26 - Faceoff Wins : 35 - Blocked Shots : 18 - Penalty Minutes : 12
Official
Referees : Unknown
Linesman : Unknown
Game Notes
No Game Note
Finance
Level 1 -- Attendance: 1964 (98.20%) -- Ticket Income $58,920
Level 2 -- Attendance: 687 (68.70%) -- Ticket Income $13,740
Total Attendance: 2651 (88.37%)
Total Ticket Income: $72,660
Other Income: $3,633
Total Income: $76,293
Gangsters
5 vs 5 Forward
Center Left Wing Right Wing Time % Phy DF OF
1 Kevin Roy David Pope Richard Panik 40 1 2 2
2 Adam Lowry Phillip Danault Devante Smith-Pelly 30 1 2 2
3 Jake Marchment Samuel Blais Stefan Noesen 20 1 2 2
4 Richard Panik Julius Vahatalo Sebastian Collberg 10 1 2 2
5 vs 5 Defense
Defense Defense Time % Phy DF OF
1 Matt Delahey Brett Ponich 40 1 2 2
2 Morgan Ellis Jonas Brodin 30 1 2 2
3 Derrick Pouliot Ryan Culkin 20 1 2 2
4 Matt Delahey Brett Ponich 10 1 2 2
PowerPlay Forward
Center Left Wing Right Wing Time % Phy DF OF
1 Kevin Roy David Pope Richard Panik 60 1 2 2
2 Adam Lowry Phillip Danault Devante Smith-Pelly 40 1 2 2
PowerPlay Defense
Defense Defense Time % Phy DF OF
1 Matt Delahey Brett Ponich 60 1 2 2
2 Morgan Ellis Jonas Brodin 40 1 2 2
Penalty Kill 4 Players Forward
Center Wing Time % Phy DF OF
1 Richard Panik Devante Smith-Pelly 60 1 2 2
2 Stefan Noesen David Pope 40 1 2 2
Penalty Kill 4 Players Defense
Defense Defense Time % Phy DF OF
1 Matt Delahey Brett Ponich 60 1 2 2
2 Morgan Ellis Jonas Brodin 40 1 2 2
Penalty Kill - 3 Players Forward
Forward Time % Phy DF OF
1 Richard Panik 60 1 2 2
2 Devante Smith-Pelly 40 1 2 2
Penalty Kill - 3 Players Defense
Defense Defense Time % Phy DF OF
1 Matt Delahey Brett Ponich 60 1 2 2
2 Morgan Ellis Jonas Brodin 40 1 2 2
4 vs 4 Forward
Center Wing Time % Phy DF OF
1 Richard Panik Devante Smith-Pelly 60 1 2 2
2 Stefan Noesen David Pope 40 1 2 2
4 vs 4 Defense
Defense Defense Time % Phy DF OF
1 Matt Delahey Brett Ponich 60 1 2 2
2 Morgan Ellis Jonas Brodin 40 1 2 2
Last Minutes Offensive
Center Left Wing Right Wing Defense Defense
Kevin Roy David Pope Richard Panik Matt Delahey Brett Ponich
Last Minutes Defensive
Center Left Wing Right Wing Defense Defense
Kevin Roy David Pope Richard Panik Matt Delahey Brett Ponich
Goaltenders
Starting : Dustin Tokarski
Backup : Jordan Binnington
Extra Forwards
Normal : Connor Chatam, Sebastian Collberg, Samuel Blais - PP : Connor Chatam, Sebastian Collberg - PK : Samuel Blais
Extra Defensemen
Normal : Derrick Pouliot, Ryan Culkin, Morgan Ellis - PP : Derrick Pouliot - PK : Ryan Culkin, Morgan Ellis
Penalty Shots
Richard Panik, Devante Smith-Pelly, Stefan Noesen, David Pope, Phillip Danault
Scratches
Jordan Subban (Healthy), Steven Santini (Healthy), Joshua Jacobs (Healthy), Jacob Middleton (Healthy), Dave Dziurzynski (Healthy)
Hugo Fagerblom (Healthy)
Remparts
5 vs 5 Forward
Center Left Wing Right Wing Time % Phy DF OF
1 Michael Latta Pontus Aberg Rickard Rakell 40 0 2 3
2 Jonathan Matsumoto Cedric Paquette Guillaume Desbiens 30 0 2 3
3 Brayden Point Matt Puempel Jerry D'Amigo 20 0 3 2
4 Cédric Lalonde-McNicoll Roberts Lipsbergs Jake Virtanen 10 1 2 2
5 vs 5 Defense
Defense Defense Time % Phy DF OF
1 Logan Stephenson William Colbert 40 0 2 3
2 Niklas Hansson John Draeger 30 1 2 2
3 Viktor Baldayev Keaton Thompson 20 1 2 2
4 Logan Stephenson William Colbert 10 1 2 2
PowerPlay Forward
Center Left Wing Right Wing Time % Phy DF OF
1 Brayden Point Michael Latta Rickard Rakell 60 0 1 4
2 Jonathan Matsumoto Pontus Aberg Guillaume Desbiens 40 0 1 4
PowerPlay Defense
Defense Defense Time % Phy DF OF
1 Logan Stephenson William Colbert 60 0 2 3
2 John Draeger Niklas Hansson 40 0 2 3
Penalty Kill 4 Players Forward
Center Wing Time % Phy DF OF
1 Cédric Lalonde-McNicoll Rickard Rakell 60 1 3 1
2 Jonathan Matsumoto Guillaume Desbiens 40 1 3 1
Penalty Kill 4 Players Defense
Defense Defense Time % Phy DF OF
1 Niklas Hansson John Draeger 60 1 4 0
2 William Colbert Logan Stephenson 40 1 4 0
Penalty Kill - 3 Players Forward
Forward Time % Phy DF OF
1 Cédric Lalonde-McNicoll 60 1 3 1
2 Rickard Rakell 40 1 3 1
Penalty Kill - 3 Players Defense
Defense Defense Time % Phy DF OF
1 Niklas Hansson John Draeger 60 1 4 0
2 William Colbert Logan Stephenson 40 1 4 0
4 vs 4 Forward
Center Wing Time % Phy DF OF
1 Brayden Point Rickard Rakell 60 0 2 3
2 Jonathan Matsumoto Pontus Aberg 40 0 2 3
4 vs 4 Defense
Defense Defense Time % Phy DF OF
1 Logan Stephenson William Colbert 60 0 2 3
2 Niklas Hansson John Draeger 40 1 2 2
Last Minutes Offensive
Center Left Wing Right Wing Defense Defense
Brayden Point Michael Latta Rickard Rakell Logan Stephenson William Colbert
Last Minutes Defensive
Center Left Wing Right Wing Defense Defense
Cédric Lalonde-McNicoll Pontus Aberg Rickard Rakell Logan Stephenson Niklas Hansson
Goaltenders
Starting : Garret Sparks
Backup : Igor Bobkov
Extra Forwards
Normal : Pontus Aberg, Michael Latta, Brayden Point - PP : Pontus Aberg, Brayden Point - PK : Jonathan Matsumoto
Extra Defensemen
Normal : Niklas Hansson, Logan Stephenson, William Colbert - PP : Niklas Hansson - PK : Viktor Baldayev, Niklas Hansson
Penalty Shots
Jonathan Matsumoto, Pontus Aberg, Brayden Point, Rickard Rakell, Michael Latta
Scratches
Juuso Ikonen (Healthy), Michael Downing (Healthy), Colin Smith (Healthy), Kyle Platzer (Healthy), Connor Honey (Healthy)
Michal Jordan (Groin Injury), Anton Zlobin (Healthy), Mitchell Heard (Healthy), Tim Bozon (Healthy), Nelson Nogier (Healthy)
Marek Langhamer (Healthy)
% Time on Ice - Gangsters
Lines # - Real PCT - Wanted PCT - Time Play
Normal Forward
1 - 32% - 40% - 14:11
2 - 30% - 30% - 13:32
3 - 25% - 20% - 11:10
4 - 13% - 10% - 5:44
Normal Defense
1 - 41% - 40% - 18:16
2 - 34% - 30% - 15:04
3 - 21% - 20% - 9:33
4 - 4% - 10% - 1:44
PP Forward
1 - 58% - 60% - 6:28
2 - 42% - 40% - 4:46
PP Defense
1 - 58% - 60% - 6:30
2 - 42% - 40% - 4:44
PK Forward
1 - 77% - 60% - 3:12
2 - 23% - 40% - 0:57
PK Defense
1 - 59% - 60% - 2:26
2 - 41% - 40% - 1:43
PK3 Forward
1 - 0% - 60%
2 - 0% - 40%
PK3 Defense
1 - 0% - 60%
2 - 0% - 40%
44 Forward
1 - 0% - 60%
2 - 0% - 40%
44 Defense
1 - 0% - 60%
2 - 0% - 40%
Last Minute Offensive - 0:00
Last Minute Defensive - 0:00
Total
Forward - 60:00
Defense - 60:00
|
% Time on Ice - Remparts
Lines # - Real PCT - Wanted PCT - Time Play
Normal Forward
1 - 34% - 40% - 15:04
2 - 29% - 30% - 12:47
3 - 21% - 20% - 9:30
4 - 16% - 10% - 7:16
Normal Defense
1 - 40% - 40% - 17:38
2 - 32% - 30% - 14:22
3 - 24% - 20% - 10:30
4 - 5% - 10% - 2:07
PP Forward
1 - 55% - 60% - 2:17
2 - 45% - 40% - 1:52
PP Defense
1 - 65% - 60% - 2:41
2 - 35% - 40% - 1:28
PK Forward
1 - 74% - 60% - 8:22
2 - 26% - 40% - 2:52
PK Defense
1 - 60% - 60% - 6:47
2 - 40% - 40% - 4:27
PK3 Forward
1 - 0% - 60%
2 - 0% - 40%
PK3 Defense
1 - 0% - 60%
2 - 0% - 40%
44 Forward
1 - 0% - 60%
2 - 0% - 40%
44 Defense
1 - 0% - 60%
2 - 0% - 40%
Last Minute Offensive - 0:00
Last Minute Defensive - 0:00
Total
Forward - 60:00
Defense - 60:00
|
Play-by-Play
1st period
0:01 of 1st period - Kevin Roy wins face-off versus Michael Latta in neutral zone.
0:14 of 1st period - Slapshot by David Pope.
0:14 of 1st period - Stopped by Garret Sparks with a rebound.
0:34 of 1st period - Snap shot by Jonathan Matsumoto.
0:34 of 1st period - Stopped by Dustin Tokarski without a rebound.
0:35 of 1st period - Brayden Point wins face-off versus Jake Marchment in Gangsters zone.
1:17 of 1st period - Cédric Lalonde-McNicoll is hit by Samuel Blais and loses puck.
1:32 of 1st period - Slapshot by Jonas Brodin.
1:32 of 1st period - Deflect By Stefan Noesen.
1:32 of 1st period - Stopped by Garret Sparks with a rebound.
1:40 of 1st period - Snap shot by Stefan Noesen.
1:40 of 1st period - Shot Blocked by Cédric Lalonde-McNicoll.
1:42 of 1st period - Slapshot by Morgan Ellis.
1:42 of 1st period - Deflect By Samuel Blais.
1:42 of 1st period - Stopped by Garret Sparks without a rebound.
1:43 of 1st period - Michael Latta wins face-off versus Kevin Roy in Remparts zone.
1:52 of 1st period - Snap shot by David Pope.
1:52 of 1st period - Stopped by Garret Sparks with a rebound.
1:54 of 1st period - Wrist shot by Richard Panik.
1:54 of 1st period - Shot Misses the Net.
1:56 of 1st period - Slapshot by Ryan Culkin.
1:56 of 1st period - Deflect By David Pope.
1:56 of 1st period - Shot Misses the Net.
1:56 of 1st period - Puck is out of play.
1:57 of 1st period - Jonathan Matsumoto wins face-off versus Adam Lowry in Remparts zone.
1:57 of 1st period - Jonathan Matsumoto is hit by Brett Ponich.
2:05 of 1st period - Slapshot by Devante Smith-Pelly.
2:05 of 1st period - Deflect By Phillip Danault.
2:05 of 1st period - Shot Misses the Net.
2:05 of 1st period - Puck is out of play.
2:06 of 1st period - Jonathan Matsumoto wins face-off versus Adam Lowry in Remparts zone.
2:06 of 1st period - Jonathan Matsumoto is hit by Phillip Danault.
2:21 of 1st period - Slapshot by Matt Delahey.
2:21 of 1st period - Shot Blocked by Logan Stephenson.
2:31 of 1st period - Slapshot by Devante Smith-Pelly.
2:31 of 1st period - Stopped by Garret Sparks with a rebound.
2:43 of 1st period - Slapshot by Phillip Danault.
2:43 of 1st period - Stopped by Garret Sparks with a rebound.
3:11 of 1st period - Wrist shot by Guillaume Desbiens.
3:11 of 1st period - Stopped by Dustin Tokarski without a rebound.
3:12 of 1st period - Michael Latta wins face-off versus Kevin Roy in Gangsters zone.
3:43 of 1st period - Minor Penalty to Brayden Point for Tripping.
3:44 of 1st period - Cédric Lalonde-McNicoll wins face-off versus Kevin Roy in Remparts zone.
3:48 of 1st period - Kevin Roy is hit by Cédric Lalonde-McNicoll and loses puck.
4:27 of 1st period - Devante Smith-Pelly is hit by Jonathan Matsumoto and loses puck.
5:04 of 1st period - Kevin Roy is hit by Cedric Paquette and loses puck.
5:33 of 1st period - Cédric Lalonde-McNicoll is hit by Brett Ponich and loses puck.
5:43 of 1st period - Penalty to Brayden Point is over, Brayden Point is back on ice.
6:15 of 1st period - Wrist shot by Brayden Point.
6:15 of 1st period - Shot Misses the Net.
7:32 of 1st period - Logan Stephenson is hit by Samuel Blais and loses puck.
7:49 of 1st period - Wrist shot by Rickard Rakell.
7:49 of 1st period - Stopped by Dustin Tokarski with a rebound.
7:51 of 1st period - Snap shot by Pontus Aberg.
7:51 of 1st period - Shot Blocked by Ryan Culkin.
8:03 of 1st period - Richard Panik is hit by John Draeger and loses puck.
8:12 of 1st period - John Draeger is hit by Julius Vahatalo and loses puck.
10:46 of 1st period - Stefan Noesen is hit by Michael Latta and loses puck.
11:13 of 1st period - Ryan Culkin is hit by Viktor Baldayev and loses puck.
11:44 of 1st period - Matt Delahey is hit by Rickard Rakell and loses puck.
11:54 of 1st period - Icing by Pontus Aberg.
11:55 of 1st period - Michael Latta wins face-off versus Kevin Roy in Remparts zone.
11:55 of 1st period - Michael Latta is hit by David Pope.
12:01 of 1st period - William Colbert is hit by David Pope and loses puck.
12:06 of 1st period - Slapshot by David Pope.
12:06 of 1st period - Shot Misses the Net.
12:54 of 1st period - Wrist shot by Cédric Lalonde-McNicoll.
12:54 of 1st period - Shot Blocked by Samuel Blais.
14:00 of 1st period - Wrist shot by Richard Panik.
14:00 of 1st period - Stopped by Garret Sparks with a rebound.
14:12 of 1st period - Snap shot by Cédric Lalonde-McNicoll.
14:12 of 1st period - Stopped by Dustin Tokarski with a rebound.
14:14 of 1st period - Slapshot by Cédric Lalonde-McNicoll.
14:14 of 1st period - Shot Misses the Net.
14:16 of 1st period - Snap shot by Cédric Lalonde-McNicoll.
14:16 of 1st period - Stopped by Dustin Tokarski without a rebound.
14:17 of 1st period - Jake Virtanen wins face-off versus Adam Lowry in Gangsters zone.
14:46 of 1st period - Snap shot by Pontus Aberg.
14:46 of 1st period - Stopped by Dustin Tokarski with a rebound.
15:08 of 1st period - Wrist shot by Stefan Noesen.
15:08 of 1st period - Stopped by Garret Sparks without a rebound.
15:09 of 1st period - Adam Lowry wins face-off versus Michael Latta in Remparts zone.
15:10 of 1st period - Wrist shot by Devante Smith-Pelly.
15:10 of 1st period - Stopped by Garret Sparks without a rebound.
15:11 of 1st period - Michael Latta wins face-off versus Adam Lowry in Remparts zone.
15:18 of 1st period - Snap shot by Devante Smith-Pelly.
15:18 of 1st period - Shot Blocked by Logan Stephenson.
15:20 of 1st period - Slapshot by Adam Lowry.
15:20 of 1st period - Stopped by Garret Sparks without a rebound.
15:21 of 1st period - Michael Latta wins face-off versus Kevin Roy in Remparts zone.
15:23 of 1st period - Minor Penalty to Rickard Rakell for Hooking.
15:24 of 1st period - Cédric Lalonde-McNicoll wins face-off versus Kevin Roy in Remparts zone.
15:50 of 1st period - Matt Delahey is hit by Niklas Hansson and loses puck.
17:23 of 1st period - Penalty to Rickard Rakell is over, Rickard Rakell is back on ice.
17:37 of 1st period - Slapshot by Jonas Brodin.
17:37 of 1st period - Stopped by Garret Sparks without a rebound.
17:38 of 1st period - Jake Marchment wins face-off versus Michael Latta in Remparts zone.
18:01 of 1st period - Julius Vahatalo is hit by Viktor Baldayev and loses puck.
18:24 of 1st period - Devante Smith-Pelly is hit by Jonathan Matsumoto and loses puck.
18:57 of 1st period - Slapshot by Brett Ponich.
18:57 of 1st period - Shot Blocked by John Draeger.
19:15 of 1st period - Slapshot by Matt Delahey.
19:15 of 1st period - Shot Blocked by Jerry D'Amigo.
19:17 of 1st period - Wrist shot by Kevin Roy.
19:17 of 1st period - Shot Blocked by Matt Puempel.
19:59 of 1st period - Jake Marchment is hit by Brayden Point and loses puck.
Goals for this period are 0 for Gangsters vs 0 for Remparts.
Shots for this period are 11 for Gangsters vs 6 for Remparts.
2nd period
0:01 of 2nd period - Michael Latta wins face-off versus Kevin Roy in neutral zone.
0:25 of 2nd period - Kevin Roy is hit by William Colbert and loses puck.
0:30 of 2nd period - Backhand shot by Jerry D'Amigo.
0:30 of 2nd period - Stopped by Dustin Tokarski with a rebound.
0:32 of 2nd period - Snap shot by Jerry D'Amigo.
0:32 of 2nd period - Stopped by Dustin Tokarski without a rebound.
0:33 of 2nd period - Pontus Aberg wins face-off versus Adam Lowry in Gangsters zone.
1:07 of 2nd period - Slapshot by Niklas Hansson.
1:07 of 2nd period - Stopped by Dustin Tokarski with a rebound.
1:09 of 2nd period - Snap shot by Cedric Paquette.
1:09 of 2nd period - Stopped by Dustin Tokarski without a rebound.
1:10 of 2nd period - Kevin Roy wins face-off versus Brayden Point in Gangsters zone.
1:22 of 2nd period - Slapshot by Matt Puempel.
1:22 of 2nd period - Shot Blocked by Kevin Roy.
1:24 of 2nd period - Wrist shot by Matt Puempel.
1:24 of 2nd period - Stopped by Dustin Tokarski with a rebound.
1:26 of 2nd period - Slapshot by Logan Stephenson.
1:26 of 2nd period - Shot Misses the Net.
1:32 of 2nd period - Minor Penalty to Brett Ponich for Holding.
1:33 of 2nd period - Brayden Point wins face-off versus Richard Panik in Gangsters zone.
1:46 of 2nd period - Slapshot by Rickard Rakell.
1:46 of 2nd period - Stopped by Dustin Tokarski with a rebound.
1:48 of 2nd period - Slapshot by Michael Latta.
1:48 of 2nd period - Shot Blocked by Devante Smith-Pelly.
2:04 of 2nd period - Ryan Culkin is hit by Jonathan Matsumoto and loses puck.
2:33 of 2nd period - Slapshot by Guillaume Desbiens.
2:33 of 2nd period - Stopped by Dustin Tokarski without a rebound.
2:34 of 2nd period - Devante Smith-Pelly wins face-off versus Rickard Rakell in Gangsters zone.
3:32 of 2nd period - Penalty to Brett Ponich is over, Brett Ponich is back on ice.
3:43 of 2nd period - Slapshot by Morgan Ellis.
3:43 of 2nd period - Shot Blocked by Jake Virtanen.
3:55 of 2nd period - Wrist shot by Phillip Danault.
3:55 of 2nd period - Shot Misses the Net.
3:57 of 2nd period - Wrist shot by Phillip Danault.
3:57 of 2nd period - Shot Misses the Net.
3:59 of 2nd period - Backhand shot by Adam Lowry.
3:59 of 2nd period - Shot Misses the Net.
4:01 of 2nd period - Wrist shot by Adam Lowry.
4:01 of 2nd period - Stopped by Garret Sparks without a rebound.
4:02 of 2nd period - Jonathan Matsumoto wins face-off versus Jake Marchment in Remparts zone.
4:25 of 2nd period - Kevin Roy is hit by John Draeger and loses puck.
5:17 of 2nd period - Stefan Noesen is hit by Cedric Paquette and loses puck.
5:24 of 2nd period - Snap shot by Guillaume Desbiens.
5:24 of 2nd period - Deflect By Jonathan Matsumoto.
5:24 of 2nd period - Stopped by Dustin Tokarski with a rebound.
5:26 of 2nd period - Slapshot by John Draeger.
5:26 of 2nd period - Stopped by Dustin Tokarski with a rebound.
5:28 of 2nd period - Snap shot by William Colbert.
5:28 of 2nd period - Stopped by Dustin Tokarski with a rebound.
5:30 of 2nd period - Snap shot by John Draeger.
5:30 of 2nd period - Stopped by Dustin Tokarski with a rebound.
5:45 of 2nd period - Richard Panik is hit by Matt Puempel and loses puck.
7:12 of 2nd period - Minor Penalty to Kevin Roy for Hooking.
7:13 of 2nd period - Brayden Point wins face-off versus Richard Panik in Gangsters zone.
7:19 of 2nd period - Snap shot by Rickard Rakell.
7:19 of 2nd period - Shot Misses the Net.
7:21 of 2nd period - Snap shot by William Colbert.
7:21 of 2nd period - Shot Misses the Net.
7:23 of 2nd period - Slapshot by William Colbert.
7:23 of 2nd period - Goal by William Colbert - Gangsters : 0 - Remparts : 1.
7:24 of 2nd period - Michael Latta wins face-off versus Kevin Roy in neutral zone.
7:32 of 2nd period - Slapshot by Richard Panik.
7:32 of 2nd period - Shot Blocked by Rickard Rakell.
7:34 of 2nd period - Wrist shot by Kevin Roy.
7:34 of 2nd period - Stopped by Garret Sparks with a rebound.
7:36 of 2nd period - Wrist shot by Richard Panik.
7:36 of 2nd period - Shot Misses the Net.
7:38 of 2nd period - Wrist shot by Matt Delahey.
7:38 of 2nd period - Goal by Matt Delahey - Gangsters : 1 - Remparts : 1.
7:39 of 2nd period - Michael Latta wins face-off versus Kevin Roy in neutral zone.
7:42 of 2nd period - Snap shot by William Colbert.
7:42 of 2nd period - Shot Misses the Net.
9:00 of 2nd period - Snap shot by Samuel Blais.
9:00 of 2nd period - Deflect By Stefan Noesen.
9:00 of 2nd period - Stopped by Garret Sparks with a rebound.
9:02 of 2nd period - Slapshot by Samuel Blais.
9:02 of 2nd period - Shot Blocked by Keaton Thompson.
9:49 of 2nd period - Snap shot by Guillaume Desbiens.
9:49 of 2nd period - Stopped by Dustin Tokarski without a rebound.
9:50 of 2nd period - Sebastian Collberg wins face-off versus Jonathan Matsumoto in Gangsters zone.
9:50 of 2nd period - Sebastian Collberg is hit by Guillaume Desbiens.
9:57 of 2nd period - Derrick Pouliot is hit by Guillaume Desbiens and loses puck.
10:02 of 2nd period - Snap shot by Jonathan Matsumoto.
10:02 of 2nd period - Shot Misses the Net.
10:10 of 2nd period - Snap shot by Guillaume Desbiens.
10:10 of 2nd period - Deflect By Cedric Paquette.
10:10 of 2nd period - Shot Blocked by Derrick Pouliot.
10:10 of 2nd period - Puck is out of play.
10:11 of 2nd period - Kevin Roy wins face-off versus Michael Latta in Gangsters zone.
10:11 of 2nd period - Kevin Roy is hit by Niklas Hansson.
10:57 of 2nd period - Slapshot by Brett Ponich.
10:57 of 2nd period - Shot Blocked by William Colbert.
11:05 of 2nd period - Wrist shot by Logan Stephenson.
11:05 of 2nd period - Shot Misses the Net.
11:07 of 2nd period - Slapshot by Logan Stephenson.
11:07 of 2nd period - Stopped by Dustin Tokarski without a rebound.
11:08 of 2nd period - Michael Latta wins face-off versus Kevin Roy in Gangsters zone.
11:17 of 2nd period - Slapshot by Brett Ponich.
11:17 of 2nd period - Shot Blocked by Niklas Hansson.
11:44 of 2nd period - Kevin Roy is hit by Matt Puempel and loses puck.
13:22 of 2nd period - Sebastian Collberg is hit by Jonathan Matsumoto and loses puck.
14:42 of 2nd period - Slapshot by Niklas Hansson.
14:42 of 2nd period - Shot Blocked by Richard Panik.
14:44 of 2nd period - Snap shot by Cedric Paquette.
14:44 of 2nd period - Shot Misses the Net.
14:46 of 2nd period - Snap shot by Guillaume Desbiens.
14:46 of 2nd period - Shot Misses the Net.
14:48 of 2nd period - Wrist shot by Jonathan Matsumoto.
14:48 of 2nd period - Deflect By Cedric Paquette.
14:48 of 2nd period - Shot Misses the Net.
14:48 of 2nd period - Puck is out of play.
14:49 of 2nd period - Jonathan Matsumoto wins face-off versus Sebastian Collberg in Gangsters zone.
14:56 of 2nd period - Snap shot by Guillaume Desbiens.
14:56 of 2nd period - Stopped by Dustin Tokarski without a rebound.
14:57 of 2nd period - Michael Latta wins face-off versus Adam Lowry in Gangsters zone.
16:11 of 2nd period - Icing by Jonas Brodin.
16:12 of 2nd period - Adam Lowry wins face-off versus Michael Latta in Gangsters zone.
16:12 of 2nd period - Adam Lowry is hit by Pontus Aberg.
16:31 of 2nd period - Minor Penalty to Michael Latta for Holding.
16:32 of 2nd period - Richard Panik wins face-off versus Cédric Lalonde-McNicoll in Remparts zone.
16:32 of 2nd period - Wrist shot by David Pope.
16:32 of 2nd period - Stopped by Garret Sparks without a rebound.
16:33 of 2nd period - Cédric Lalonde-McNicoll wins face-off versus Kevin Roy in Remparts zone.
16:48 of 2nd period - Slapshot by Brett Ponich.
16:48 of 2nd period - Deflect By Richard Panik.
16:48 of 2nd period - Shot Blocked by John Draeger.
16:48 of 2nd period - Puck is out of play.
16:49 of 2nd period - Cédric Lalonde-McNicoll wins face-off versus Kevin Roy in Remparts zone.
17:14 of 2nd period - Niklas Hansson is hit by Adam Lowry and loses puck.
18:31 of 2nd period - Penalty to Michael Latta is over, Michael Latta is back on ice.
18:42 of 2nd period - Jerry D'Amigo is hit by Jonas Brodin and loses puck.
Goals for this period are 1 for Gangsters vs 1 for Remparts.
Shots for this period are 5 for Gangsters vs 15 for Remparts.
3rd period
0:01 of 3rd period - Kevin Roy wins face-off versus Rickard Rakell in neutral zone.
0:11 of 3rd period - Icing by Pontus Aberg.
0:12 of 3rd period - Kevin Roy wins face-off versus Michael Latta in Remparts zone.
0:15 of 3rd period - Snap shot by David Pope.
0:15 of 3rd period - Stopped by Garret Sparks with a rebound.
0:42 of 3rd period - Snap shot by Jonathan Matsumoto.
0:42 of 3rd period - Stopped by Dustin Tokarski without a rebound.
0:43 of 3rd period - Jonathan Matsumoto wins face-off versus Adam Lowry in Gangsters zone.
0:52 of 3rd period - Wrist shot by Jonathan Matsumoto.
0:52 of 3rd period - Stopped by Dustin Tokarski with a rebound.
0:54 of 3rd period - Wrist shot by Cedric Paquette.
0:54 of 3rd period - Stopped by Dustin Tokarski with a rebound.
0:56 of 3rd period - Wrist shot by Guillaume Desbiens.
0:56 of 3rd period - Stopped by Dustin Tokarski without a rebound.
0:57 of 3rd period - Michael Latta wins face-off versus Kevin Roy in Gangsters zone.
1:05 of 3rd period - Icing by Brett Ponich.
1:06 of 3rd period - Kevin Roy wins face-off versus Michael Latta in Gangsters zone.
1:17 of 3rd period - Matt Delahey is hit by Pontus Aberg and loses puck.
1:33 of 3rd period - Icing by Rickard Rakell.
1:34 of 3rd period - Adam Lowry wins face-off versus Michael Latta in Remparts zone.
1:43 of 3rd period - Slapshot by William Colbert.
1:43 of 3rd period - Shot Blocked by Devante Smith-Pelly.
1:45 of 3rd period - Snap shot by Rickard Rakell.
1:45 of 3rd period - Stopped by Dustin Tokarski with a rebound.
1:47 of 3rd period - Backhand shot by Pontus Aberg.
1:47 of 3rd period - Stopped by Dustin Tokarski with a rebound.
1:49 of 3rd period - Snap shot by Rickard Rakell.
1:49 of 3rd period - Stopped by Dustin Tokarski without a rebound.
1:50 of 3rd period - Cedric Paquette wins face-off versus Kevin Roy in Gangsters zone.
2:01 of 3rd period - Wrist shot by Richard Panik.
2:01 of 3rd period - Shot Blocked by Guillaume Desbiens.
2:03 of 3rd period - Slapshot by Matt Delahey.
2:03 of 3rd period - Shot Misses the Net.
2:05 of 3rd period - Snap shot by Kevin Roy.
2:05 of 3rd period - Stopped by Garret Sparks without a rebound.
2:06 of 3rd period - Michael Latta wins face-off versus Adam Lowry in Remparts zone.
2:41 of 3rd period - Guillaume Desbiens is hit by Kevin Roy and loses puck.
2:54 of 3rd period - Slapshot by Jonas Brodin.
2:54 of 3rd period - Shot Blocked by Niklas Hansson.
2:56 of 3rd period - Wrist shot by Jake Marchment.
2:56 of 3rd period - Shot Misses the Net.
2:58 of 3rd period - Wrist shot by Stefan Noesen.
2:58 of 3rd period - Shot Blocked by John Draeger.
3:00 of 3rd period - Wrist shot by Jake Marchment.
3:00 of 3rd period - Shot Blocked by Brayden Point.
3:02 of 3rd period - Slapshot by Morgan Ellis.
3:02 of 3rd period - Shot Misses the Net.
3:04 of 3rd period - Snap shot by Morgan Ellis.
3:04 of 3rd period - Deflect By Matt Puempel.
3:04 of 3rd period - Stopped by Garret Sparks without a rebound.
3:05 of 3rd period - Michael Latta wins face-off versus Kevin Roy in Remparts zone.
3:20 of 3rd period - Snap shot by David Pope.
3:20 of 3rd period - Deflect By Richard Panik.
3:20 of 3rd period - Stopped by Garret Sparks with a rebound.
3:37 of 3rd period - Snap shot by Phillip Danault.
3:37 of 3rd period - Shot Blocked by William Colbert.
3:57 of 3rd period - Wrist shot by Matt Delahey.
3:57 of 3rd period - Stopped by Garret Sparks with a rebound.
3:59 of 3rd period - Slapshot by Matt Delahey.
3:59 of 3rd period - Stopped by Garret Sparks with a rebound.
4:50 of 3rd period - Slapshot by Jonas Brodin.
4:50 of 3rd period - Stopped by Garret Sparks without a rebound.
4:51 of 3rd period - Jonathan Matsumoto wins face-off versus Jake Marchment in Remparts zone.
4:58 of 3rd period - Wrist shot by Stefan Noesen.
4:58 of 3rd period - Goal by Stefan Noesen - Gangsters : 2 - Remparts : 1.
4:59 of 3rd period - Kevin Roy wins face-off versus Michael Latta in neutral zone.
5:37 of 3rd period - Wrist shot by Jonas Brodin.
5:37 of 3rd period - Shot Misses the Net.
5:39 of 3rd period - Slapshot by Devante Smith-Pelly.
5:39 of 3rd period - Goal by Devante Smith-Pelly - Gangsters : 3 - Remparts : 1.
5:40 of 3rd period - Michael Latta wins face-off versus Kevin Roy in neutral zone.
5:50 of 3rd period - Icing by Michael Latta.
5:51 of 3rd period - Michael Latta wins face-off versus Kevin Roy in Remparts zone.
5:58 of 3rd period - Snap shot by Michael Latta.
5:58 of 3rd period - Stopped by Dustin Tokarski without a rebound.
5:59 of 3rd period - Richard Panik wins face-off versus Michael Latta in Gangsters zone.
6:06 of 3rd period - Matt Delahey is hit by Rickard Rakell and loses puck.
6:32 of 3rd period - Snap shot by Guillaume Desbiens.
6:32 of 3rd period - Stopped by Dustin Tokarski with a rebound.
6:34 of 3rd period - Slapshot by William Colbert.
6:34 of 3rd period - Stopped by Dustin Tokarski without a rebound.
6:35 of 3rd period - Michael Latta wins face-off versus David Pope in Gangsters zone.
7:34 of 3rd period - Snap shot by Matt Puempel.
7:34 of 3rd period - Stopped by Dustin Tokarski with a rebound.
8:36 of 3rd period - Guillaume Desbiens is hit by Phillip Danault and loses puck.
8:57 of 3rd period - Slapshot by Matt Puempel.
8:57 of 3rd period - Shot Misses the Net.
8:59 of 3rd period - Slapshot by Viktor Baldayev.
8:59 of 3rd period - Deflect By Jerry D'Amigo.
8:59 of 3rd period - Stopped by Dustin Tokarski with a rebound.
9:21 of 3rd period - Slapshot by Cédric Lalonde-McNicoll.
9:21 of 3rd period - Shot Blocked by Richard Panik.
10:06 of 3rd period - Double Minor Penalty to Brayden Point for Roughing.
10:07 of 3rd period - Kevin Roy wins face-off versus Cédric Lalonde-McNicoll in Remparts zone.
10:50 of 3rd period - Guillaume Desbiens is hit by David Pope and loses puck.
11:33 of 3rd period - Slapshot by Logan Stephenson.
11:33 of 3rd period - Stopped by Dustin Tokarski with a rebound.
11:43 of 3rd period - Slapshot by William Colbert.
11:43 of 3rd period - Shot Blocked by Richard Panik.
13:21 of 3rd period - Phillip Danault is hit by Logan Stephenson.
13:37 of 3rd period - Michael Latta is hit by Brett Ponich and loses puck.
14:06 of 3rd period - Penalty to Brayden Point is over, Brayden Point is back on ice.
14:10 of 3rd period - Minor Penalty to Brett Ponich for Holding.
14:11 of 3rd period - Richard Panik wins face-off versus Brayden Point in Gangsters zone.
14:41 of 3rd period - Morgan Ellis is hit by Guillaume Desbiens and loses puck.
15:50 of 3rd period - Logan Stephenson is hit by Kevin Roy and loses puck.
16:10 of 3rd period - Penalty to Brett Ponich is over, Brett Ponich is back on ice.
16:21 of 3rd period - Minor Penalty to Roberts Lipsbergs for Goalie Interference.
16:22 of 3rd period - Kevin Roy wins face-off versus Cédric Lalonde-McNicoll in Remparts zone.
17:15 of 3rd period - Icing by Devante Smith-Pelly.
17:16 of 3rd period - Cédric Lalonde-McNicoll wins face-off versus Adam Lowry in Gangsters zone.
17:24 of 3rd period - Off-side.
17:25 of 3rd period - Kevin Roy wins face-off versus Jonathan Matsumoto in neutral zone.
17:37 of 3rd period - Slapshot by Matt Delahey.
17:37 of 3rd period - Deflect By Cédric Lalonde-McNicoll.
17:37 of 3rd period - Stopped by Garret Sparks with a rebound.
17:39 of 3rd period - Slapshot by Matt Delahey.
17:39 of 3rd period - Goal by Matt Delahey - Gangsters : 4 - Remparts : 1.
17:40 of 3rd period - Kevin Roy wins face-off versus Michael Latta in neutral zone.
17:43 of 3rd period - Snap shot by David Pope.
17:43 of 3rd period - Stopped by Garret Sparks with a rebound.
17:45 of 3rd period - Slapshot by Matt Delahey.
17:45 of 3rd period - Shot Blocked by William Colbert.
17:47 of 3rd period - Slapshot by Matt Delahey.
17:47 of 3rd period - Stopped by Garret Sparks with a rebound.
17:49 of 3rd period - Slapshot by Matt Delahey.
17:49 of 3rd period - Shot Misses the Net.
17:51 of 3rd period - Snap shot by David Pope.
17:51 of 3rd period - Stopped by Garret Sparks with a rebound.
17:53 of 3rd period - Snap shot by Matt Delahey.
17:53 of 3rd period - Stopped by Garret Sparks without a rebound.
17:54 of 3rd period - Michael Latta wins face-off versus Kevin Roy in Remparts zone.
18:28 of 3rd period - Snap shot by Guillaume Desbiens.
18:28 of 3rd period - Deflect By Cedric Paquette.
18:28 of 3rd period - Shot Misses the Net.
18:28 of 3rd period - Puck is out of play.
18:29 of 3rd period - Jonathan Matsumoto wins face-off versus Adam Lowry in Gangsters zone.
19:02 of 3rd period - Slapshot by Michael Latta.
19:02 of 3rd period - Shot Misses the Net.
19:41 of 3rd period - Snap shot by Cédric Lalonde-McNicoll.
19:41 of 3rd period - Stopped by Dustin Tokarski with a rebound.
19:43 of 3rd period - Slapshot by Logan Stephenson.
19:43 of 3rd period - Stopped by Dustin Tokarski with a rebound.
19:45 of 3rd period - Slapshot by William Colbert.
19:45 of 3rd period - Shot Blocked by Phillip Danault.
Goals for this period are 3 for Gangsters vs 0 for Remparts.
Shots for this period are 15 for Gangsters vs 15 for Remparts.
Back to the Top